AoeStats
← Mr_Bird

Nomad

509368841Analyzed
4v4 RM · 5d ago on Sep 26, 2026· 40m 50s· 8 players
Game mode
Random Map
Map size
231×231
Population
200
Speed
Normal
Resources
Standard
Victory
Conquest
Starting age
Dark Age
Ending age
Imperial Age
RankedLock teamsTeams togetherTeam positionsShared explorationLock speedFull tech treeHidden civsTurbo modeCheats
Victory
Defeat
🇫🇷 Vietnamese · France
1401
+13
🇸🇪 Chinese · Sweden
1344
+15
🇪🇸 Varangians · Spain
1323
+16
🇪🇸 Vikings · Spain
1298
+17
🇵🇪 Japanese · Peru
1340
-16
🇺🇸 Celts · United States
1333
-16
🇪🇸 Berbers · Spain
1329
-15
🇷🇴 Vikings · Romania
1286
-14
Mr_Bird
3:59 Loom
13:16 Feudal Age
15:37 Double-Bit Axe
15:34 Horse Collar
20:57 Castle Age
19:50 Gold Mining
21:19 Stone Mining
22:27 Bow Saw
22:20 Heavy Plow
24:45 Wheelbarrow
kraquen
14:18 Feudal Age
13:10 Loom
18:21 Loom
23:48 Castle Age
22:41 Scale Barding Armor
29:48 Forging
33:07 Horse Collar
33:49 Bloodlines
35:12 Fletching
atilaalmogaver
5:48 Loom
6:08 Loom
6:31 Loom
11:56 Feudal Age
15:44 Double-Bit Axe
16:13 Fishing Lines
19:14 Gold Mining
22:36 Castle Age
20:30 Stone Mining
23:38 Husbandry
23:41 Gillnets
24:03 Fletching
24:14 Padded Archer Armor
28:05 Imperial Age
25:45 Padded Archer Armor
26:19 Bloodlines
26:41 Bow Saw
27:16 Bodkin Arrow
27:49 Ballistics
31:26 Bracer
Sageata
5:35 Loom
16:01 Feudal Age
16:45 Double-Bit Axe
21:26 Castle Age
19:41 Fletching
19:52 Gold Mining
26:23 Bow Saw
Gandalfff
4:49 Loom
14:05 Feudal Age
16:02 Double-Bit Axe
22:14 Castle Age
24:56 Scale Barding Armor
25:01 Forging
26:29 Horse Collar
27:04 Bow Saw
29:37 Wheelbarrow
30:19 Chain Barding Armor
30:09 Forging
32:57 Iron Casting
33:28 Gold Mining
39:45 Imperial Age
40:00 Husbandry
40:10 Bloodlines
39:22 Vendel Legacy
41:05 Conscription
40:16 Cavalier
ReyCocobolo
4:26 Loom
15:40 Feudal Age
16:27 Double-Bit Axe
16:27 Fishing Lines
20:02 Castle Age
18:32 Gold Mining
20:27 Fletching
21:07 Bodkin Arrow
21:23 Gillnets
22:45 Ballistics
23:10 Bow Saw
25:16 Clinker Construction
27:47 Stone Mining
32:03 Imperial Age
29:19 Town Watch
30:59 Padded Archer Armor
32:35 Leather Archer Armor
32:48 Bracer
33:52 Gold Shaft Mining
34:30 Chemistry
34:17 Carvel Hull
33:59 Horse Collar
35:07 Ring Archer Armor
34:46 Treadmill Crane
35:35 Siege Engineers
35:15 Crossbowman
35:48 Elite Longship
38:05 Heavy Plow
39:06 Two-Man Saw
38:45 Conscription
38:16 Arbalester
39:48 Siege Engineers
41:16 Bogsveigar
N4Th-.-
9:43 Loom
12:32 Feudal Age
17:18 Castle Age
17:49 Double-Bit Axe
18:51 Fletching
25:03 Bodkin Arrow
31:02 Bow Saw
30:35 Horse Collar
33:31 Wheelbarrow
33:01 Heavy Plow
33:36 Padded Archer Armor
35:07 Leather Archer Armor
40:53 Hand Cart
40:30 Gold Mining
Vildsvinet
3:35 Loom
12:57 Feudal Age
18:22 Castle Age
16:20 Double-Bit Axe
16:34 Stone Mining
17:14 Scale Mail Armor
28:26 Fletching
30:41 Bodkin Arrow
33:12 Padded Archer Armor
33:29 Chain Mail Armor
33:49 Bow Saw
36:09 Wheelbarrow
36:20 Ballistics
40:16 Town Watch
43:13 Imperial Age
40:29 Town Watch
Connection lost

Rejoining the realm…

Still unreachable

The connection could not be restored.

Session expired

The server has moved on; the page needs a fresh start.